 Dungeon Crawl Stone Soup version 0.29.1-12-g30fa7ad0bf (webtiles) character file.

Game seed: 11190651324584188571

51 cheesebisquit the Digger (level 3, 0/19 HPs)
             Began as a Gargoyle Earth Elementalist on Jan 15, 2023.
             Slain by a goblin
             ... wielding a +3 dagger of holy wrath
             ... led by Robin
              (7 damage)
             ... on level 2 of the Dungeon.
             The game lasted 00:04:13 (1709 turns).

cheesebisquit the Digger (GrEE)                     Turns: 1709, Time: 00:04:13

Health: 0/19       AC:  6    Str: 11    XL:     3   Next: 83%
Magic:  4/7        EV: 11    Int: 17    God:
Gold:   114        SH:  0    Dex: 10    Spells: 7/8 levels left

rFire   . . .      SeeInvis .   i - +0 club
rCold   . . .      Faith    .   (no shield)
rNeg    + . .      Spirit   .   a - +0 robe
rPois   ∞          Reflect  .   (no helmet)
rElec   +          Harm     .   f - scarf {shadows}
rCorr   .          Rampage  .   (no gloves)
Will    .....                   n - +0 pair of boots
Stlth   ++........              (no amulet)
HPRegen 0.06/turn               (no ring)
MPRegen 0.10/turn               (no ring)

@: no status effects
A: sickness immunity, AC +3, negative energy resistance 1, electricity
resistance, torment resistance 1, petrification resistance
a: no special abilities


You were on level 2 of the Dungeon.
You visited 1 branch of the dungeon, and saw 2 of its levels.

You collected 114 gold pieces.

Inventory:

Hand Weapons
 i - a +0 club (weapon)
Missiles
 c - 3 poisoned darts
Armour
 a - a +0 robe (worn)
 f - a scarf of shadows (worn)
 n - a +0 pair of boots (worn)
Scrolls
 d - a scroll of fear {unknown}
 g - 2 scrolls of fog {unknown}
 j - 2 scrolls of identify {unknown}
 k - a scroll of teleportation {unknown}
Potions
 b - a potion of magic
 e - a potion of lignification {unknown}
 h - a potion of berserk rage {unknown}
 l - 2 potions of heal wounds {unknown}
 m - 2 potions of mutation {unknown}
 o - a potion of flight {unknown}


   Skills:
 - Level 1.5 Dodging
 - Level 2.1 Stealth
 + Level 3.0 Spellcasting
 - Level 0.7 Transmutations
 + Level 4.7 Earth Magic


You had 7 spell levels left.
You knew the following spells:

 Your Spells              Type           Power      Damage    Failure   Level
a - Sandblast             Erth           36%        2d10      2%          1

Your spell library contained the following spells:

 Spells                   Type           Power      Damage    Failure   Level
 Passwall                 Tmut/Erth      9%         N/A       9%          2
 Stone Arrow              Conj/Erth      20%        3d8       21%         3
 Petrify                  Tmut/Erth      11%        N/A       50%         4


Dungeon Overview and Level Annotations

Branches:
Dungeon (2/15)

Altars:

Annotations:
D:2 Robin


Innate Abilities, Weirdness & Mutations

You are immune to sickness and miasma.
Your stone body is resilient. (AC +3)
You are immune to poison.
You resist negative energy. (rN+)
You are resistant to electric shocks. (rElec)
You are resistant to unholy torment.
You are immune to petrification.


Message History

The goblin hits you but does no damage. The goblin closely misses you.
A goblin comes into view. It is wielding a +0 club.
The goblin hits you but does no damage. The goblin hits you with a +0 dagger.
Robin roars a battlecry!
The goblins go into a battle-frenzy!
The goblin hits you with a +3 dagger of holy wrath.
The goblin closely misses you. The goblin attacks as you move away!
The goblin misses you. The goblin attacks as you move away!
The goblin hits you but does no damage. The goblin hits you but does no damage.
Robin throws the goblin at you! The goblin attacks as you move away!
The goblin misses you. x2
The goblin attacks as you move away!
The goblin hits you with a +3 dagger of holy wrath.
You are too injured to fight recklessly!
Aiming: Sandblast (safe; 2% risk of failure)
Press: ? - help, Q - select action, (/) - cycle Shift-Dir - straight line, f - goblin
Aim: a goblin, wielding a +0 club (strong, 77% to hit)
Okay, then.
Aiming: Sandblast (safe; 2% risk of failure)
Press: ? - help, Q - select action, (/) - cycle Shift-Dir - straight line, f - goblin
Aim: a goblin, wielding a +0 club (strong, 77% to hit)
The blast of sand hits the goblin!
You kill the goblin!
Aiming: Sandblast (safe; 2% risk of failure)
Press: ? - help, Q - select action, (/) - cycle Shift-Dir - straight line, f - goblin
Aim: a goblin, wielding a +3 dagger of holy wrath (strong, 77% to hit)
The blast of sand misses the goblin. x2
The goblin barely misses you. The goblin hits you but does no damage.
Aiming: Sandblast (safe; 2% risk of failure)
Press: ? - help, Q - select action, (/) - cycle Shift-Dir - straight line, f/p - goblin
Aim: a goblin, wielding a +3 dagger of holy wrath (strong, 77% to hit)
Okay, then.
The goblin attacks as you move away!
The goblin hits you with a +3 dagger of holy wrath.
The goblin hits you but does no damage. The goblin attacks as you move away!
The goblin hits you but does no damage. The goblin attacks as you move away!
The goblin hits you with a +3 dagger of holy wrath!
You die...

......).. #.....#..#
#.....).#.#.....#..#
.....r..#.#.....#..#
#g.#.#.......<.
#g...#.....#...
#..........#... #
#..g.......#...
...#.####gg...........#
......@gg.g..).....##.#
...#...gg.............#
..........###..#..##.#
...###.##..........##..
##.###.##..........##..
#.##........##........
#.##..##....##.......†
#>##..##..............
#................#.##.


You could see Robin, 2 hobgoblins and 5 goblins.

Vanquished Creatures
  2 adders (D:2)
  4 endoplasms
  3 giant cockroaches (D:1)
  7 goblins
  A hobgoblin (D:1)
  3 kobolds
  2 quokkas
  3 bats
  2 frilled lizards
  3 rats (D:2)
30 creatures vanquished.

Notes
Turn   | Place    | Note
-------+----------+-------------------------------------------
     0 | D:1      | cheesebisquit the Gargoyle Earth Elementalist began the
                  | quest for the Orb.
     0 | D:1      | Reached XP level 1. HP: 10/10 MP: 3/3
   305 | D:1      | Reached XP level 2. HP: 15/15 MP: 3/5
   375 | D:1      | Reached skill level 4 in Earth Magic
  1395 | D:2      | Reached XP level 3. HP: 19/19 MP: 4/7
  1697 | D:2      | Noticed Robin
  1709 | D:2      | Slain by a goblin

Illustrated notes

Levels and vault maps discovered:
D:1:      amcnicky_arrival_flooded_fountain, layout_loops_corners,
          minmay_misc_feat_nine_boxes
D:2:      layout_basic, minmay_misc_feat_alley, solitary_fountain,
          minmay_shallow_snake_nest, uniq_robin

Skill      XL: |  1  2  3 |
---------------+----------+-----
Earth Magic    | 4 |  4.7
Spellcasting   | 3 |  3.0
Dodging        | |  1.5
Stealth        | |  2.1
Transmutations | |  0.7

Action                   || total
-------------------------++-------
 Cast: Sandblast         ||    40
Armor: Robe              ||     8
Dodge: Dodged            ||     9
